AoeStats
← elcossu

Four Lakes

509403346Analyzed
1v1 RM · 7d ago on Sep 26, 2026· 67m 43s· 2 players
Game mode
Random Map
Map size
Tiny (2 player)
Population
200
Speed
Normal
Resources
Standard
Victory
Conquest
Starting age
Dark Age
Ending age
Imperial Age
RankedLock teamsTeams togetherTeam positionsShared explorationLock speedFull tech treeHidden civsTurbo modeCheats
Victory
Defeat
🇩🇪 Italians · Germany
763
+18
🇺🇸 Spanish · United States
799
-18
elcossu
9:21 Loom
12:42 Feudal Age
13:46 Fishing Lines
13:57 Double-Bit Axe
18:49 Castle Age
17:33 Scale Barding Armor
18:59 Gold Mining
19:38 Fletching
20:19 Chain Barding Armor
21:05 Husbandry
21:20 Bloodlines
23:38 Padded Archer Armor
23:56 Forging
25:09 Bow Saw
25:37 Padded Archer Armor
25:34 Horse Collar
27:35 Wheelbarrow
28:33 Gillnets
33:48 Imperial Age
31:51 Bodkin Arrow
32:12 Leather Archer Armor
31:31 Light Cavalry
34:59 Conscription
35:28 Ballistics
36:11 Chemistry
36:42 Two-Man Saw
36:42 Capped Ram
36:47 Elite Genoese Crossbowman
38:17 Hand Cart
38:48 Bracer
39:19 Ring Archer Armor
38:53 Murder Holes
39:17 Thumb Ring
40:32 Hussar
42:09 Plate Barding Armor
42:12 Iron Casting
46:53 Cavalier
49:10 Blast Furnace
52:44 Bombard Tower
59:45 Crossbowman
RingLeaderNV
0:28 Loom
13:06 Feudal Age
14:27 Wheelbarrow
13:45 Gold Mining
13:41 Fishing Lines
14:31 Town Watch
16:24 Stone Mining
21:36 Castle Age
19:50 Forging
19:41 Scale Mail Armor
21:10 Fletching
22:19 Scale Barding Armor
23:26 Pikeman
28:29 Town Patrol
29:17 Gillnets
30:35 Stone Shaft Mining
30:44 Hand Cart
30:17 Horse Collar
31:04 Heavy Plow
32:24 Fervor
32:25 Redemption
32:15 Double-Bit Axe
35:43 Imperial Age
34:16 Sanctity
34:30 Elite Skirmisher
36:01 Bow Saw
38:06 Two-Man Saw
37:04 Murder Holes
37:20 Masonry
37:19 Padded Archer Armor
37:35 Chain Mail Armor
37:17 Bodkin Arrow
37:58 Iron Casting
37:47 Chain Barding Armor
37:23 Bodkin Arrow
37:33 Squires
37:21 Arson
37:22 Gambesons
37:05 Man-at-Arms
41:09 Leather Archer Armor
41:27 Plate Mail Armor
41:58 Blast Furnace
41:40 Bodkin Arrow
42:21 Plate Barding Armor
42:49 Hoardings
42:46 Supremacy
42:29 Sappers
43:22 Conscription
44:17 Ring Archer Armor
45:38 Chemistry
44:59 Ballistics
45:09 Architecture
45:18 Hoardings
46:21 Bracer
54:10 Halberdier
57:52 Long Swordsman
Connection lost

Rejoining the realm…

Still unreachable

The connection could not be restored.

Session expired

The server has moved on; the page needs a fresh start.